Map: New Repugnancy LE

Players

LaoZi - Winner!

  • Race: Protoss Protoss
  • League: Diamond
  • Spawn Location: 1:00

Kolo

  • Race: Terran Terran
  • League: Diamond
  • Spawn Location: 7:00

VOD

Have the link to the VOD?

Description

Time

  • Played on: Feb. 10, 2019, 6:43 p.m.
  • Length: 9:56
Show
View Real Time Build Order
Export as new Build Order

LaoZi Protoss - Winner!

Build Orders: 1 Gate Expand, Zealot Archon 

Get SALT Encoding   

  12  0:00  Probe  
  13  0:12  Probe  
  14  0:18  Pylon  
  14  0:24  Probe  
  15  0:32  Probe  
  15  0:39  Gateway  
  15  0:40  Probe  
  17  0:50  Probe  
  17  0:54  Assimilator  
  18  1:02  Probe  
  19  1:10  Probe  
  20  1:18  Probe  
  21  1:27  Cybernetics Core  
  21  1:40  Nexus  
  21  1:47  Pylon  
  21  1:51  Assimilator  
  21  1:56  Stalker  
  21  1:57  Probe  
  22  2:05  Warp Gate  
  24  2:13  Probe  
  23  2:32  Stalker, Probe  
  26  2:44  Probe  
  27  2:49  Probe  
  27  2:56  Probe  
  27  2:57  Probe  
  29  3:08  Probe  
  29  3:12  Probe  
  28  3:27  Probe  
  28  3:28  Probe  
  32  3:39  Probe  
  32  3:40  Probe  
  32  3:41  Twilight Council  
  32  3:44  Gateway  
  32  3:46  Gateway  
  32  3:50  Probe  
  32  3:51  Probe  
  34  3:58  Probe  
  34  3:59  Stalker  
  37  4:04  Probe  
  37  4:06  Probe  
  37  4:07  Charge  
  38  4:16  Probe  
  40  4:18  Probe  
  40  4:23  Assimilator  
  41  4:25  Pylon  
  41  4:28  Probe  
  41  4:29  Assimilator  
  41  4:30  Probe  
  43  4:39  Robotics Facility, Zealot  
  43  4:40  Probe  
  43  4:43  Probe  
  47  4:46  Pylon, Zealot  
  47  4:49  Zealot  
  47  4:52  Probe  
  50  5:20  Observer  
  50  5:24  Pylon  
  51  5:29  Probe  
  51  5:31  Pylon  
  51  5:32  Probe  
  51  5:34  Immortal  
  53  5:37  Probe  
  58  5:44  Probe  
  58  5:47  Probe  
  60  5:56  Probe  
  61  6:01  Probe  
  61  6:02  Immortal  
  62  6:06  Pylon  
  62  6:18  Gateway  
  66  6:19  Gateway  
  66  6:20  Gateway  
  66  6:21  Gateway  
  66  6:22  Gateway  
  66  6:23  Pylon  
  66  6:26  Pylon  
  66  6:37  Immortal  
  66  6:39  Templar Archives  
  66  6:43  Gateway  
  66  6:44  Gateway  
  70  6:58  Zealot x3  
  76  7:08  Warp Prism  
  76  7:16  Pylon, High Templar  
  76  7:17  High Templar x3  
  76  7:19  High Templar  
  76  7:20  High Templar  
  76  7:21  Zealot x2  
  76  7:22  Archon  
  94  7:23  Archon  
  94  7:24  Archon  
  94  7:40  Pylon  
  94  7:41  Pylon  
  94  7:42  Pylon  
  94  7:58  Zealot x2  
  94  7:59  Zealot x6  
  94  8:00  Zealot x2  
  104  8:26  Zealot x6  
  104  8:27  Zealot x3  
  88  8:50  High Templar x3  
  88  8:51  High Templar x3  
  88  8:52  Zealot  
  88  8:53  Zealot x3  
  108  8:58  Archon x3  
  63  9:37  Zealot x2  
  63  9:38  Zealot x6  
  73  9:39  Zealot x2  
Show
View Real Time Build Order
Export as new Build Order

Kolo Terran 

Build Orders: Gas First Reaper Expand, Liberator Opening 

Get SALT Encoding   

  12  0:00  SCV  
  13  0:14  SCV  
  14  0:20  Supply Depot  
  14  0:26  SCV  
  15  0:30  Refinery  
  15  0:42  SCV  
  16  0:49  Barracks  
  16  0:54  SCV  
  17  1:06  SCV  
  19  1:18  SCV  
  19  1:35  Orbital Command  
  19  1:36  Reaper  
  20  1:50  Command Center  
  20  2:01  Factory  
  20  2:04  SCV  
  21  2:09  Reaper  
  21  2:13  Refinery  
  22  2:20  Supply Depot  
  22  2:26  SCV  
  23  2:42  SCV  
  24  2:48  Bunker  
  24  2:52  Factory Tech Lab  
  24  2:55  SCV, Starport  
  25  3:02  SCV  
  26  3:15  SCV, Liberator  
  26  3:16  Cyclone  
  26  3:17  Orbital Command  
  29  3:27  SCV  
  33  3:39  SCV  
  34  3:48  SCV  
  35  3:53  SCV  
  36  3:57  Supply Depot  
  36  4:00  SCV  
  36  4:01  Siege Tank  
  40  4:06  SCV, Supply Depot  
  41  4:13  SCV  
  42  4:20  Command Center  
  42  4:22  SCV  
  43  4:28  SCV  
  44  4:32  Marine  
  44  4:33  Siege Tank  
  44  4:34  SCV  
  49  4:38  Refinery  
  49  4:39  Refinery  
  49  4:41  SCV  
  50  4:51  Barracks Tech Lab  
  50  4:52  SCV, Starport Tech Lab  
  51  5:03  SCV  
  51  5:06  SCV  
  53  5:12  Raven  
  53  5:13  Marine  
  55  5:15  SCV  
  55  5:19  SCV  
  57  5:25  Barracks  
  57  5:27  SCV  
  58  5:29  Barracks, Engineering Bay  
  58  5:30  Engineering Bay  
  58  5:31  SCV  
  58  5:32  Factory Reactor  
  58  5:33  Marine, Stimpack  
  60  5:39  SCV  
  60  5:42  Orbital Command, Supply Depot  
  61  5:43  SCV  
  62  5:51  SCV  
  62  5:55  SCV  
  61  5:58  Terran Infantry Armor Level 1, Terran Infantry Weapons Level 1  
  61  6:00  Missile Turret  
  61  6:01  Missile Turret  
  61  6:06  Supply Depot  
  61  6:11  SCV  
  62  6:19  Combat Shield  
  62  6:20  SCV  
  62  6:24  Starport Reactor  
  63  6:30  Marine x2, SCV  
  63  6:31  Marine, Marauder  
  63  6:32  Factory Reactor  
  69  6:34  Orbital Command  
  69  6:38  SCV  
  70  6:47  Armory  
  70  6:49  Marauder  
  70  6:50  Marine x2  
  70  6:52  SCV  
  70  6:53  Marauder  
  77  6:57  Supply Depot  
  77  7:01  SCV x2  
  77  7:04  SCV  
  77  7:06  Medivac x2  
  88  7:08  Widow Mine x2  
  88  7:09  Marine  
  88  7:12  Marauder  
  88  7:15  Marauder  
  93  7:21  Supply Depot  
  93  7:27  SCV x2  
  93  7:28  SCV  
  96  7:37  Supply Depot  
  96  7:39  Marine, SCV x2, Terran Vehicle And Ship Armor Level 1  
  96  7:40  Marine x2  
  96  7:42  Marine  
  102  7:44  SCV  
  103  7:51  SCV x2  
  103  7:52  Refinery x2, Supply Depot  
  103  7:53  Ghost Academy  
  107  7:58  Marauder  
  100  8:26  Marine x3  
  96  8:27  Marauder  
  83  8:38  Orbital Command  
  66  8:42  Widow Mine x2, Medivac x2  
  66  8:43  SCV  
  66  8:44  Marine x2, Marauder  
  78  8:56  SCV  
  78  8:58  Marauder  
  78  9:01  Marine  
  78  9:02  Marine  
  74  9:03  Widow Mine  
  74  9:05  Marine  
  74  9:06  Widow Mine  
  61  9:17  SCV  
  61  9:18  SCV x2  
  61  9:19  Marine x2, Marauder  
  61  9:24  Marauder  
  53  9:25  Widow Mine  
  53  9:29  SCV  
  53  9:30  SCV x2  
  57  9:37  Marine x2  
  59  9:42  SCV x2  
Tags
 
Add a new tag
Caveats
  • Supply blocks, unpowered buildings, or Contaminate may cause inaccurate times.
  • Supply counts are checked every 10 seconds.